Map: 로스트 앤 파운드 - 래더

Players

SuperNova - Winner!

  • Race: Terran Terran
  • League: Grandmaster
  • Spawn Location: 7:00

Pure

  • Race: Protoss Protoss
  • League: Grandmaster
  • Spawn Location: 1:00

VOD

Have the link to the VOD?

Description

Time

  • Played on: Oct. 19, 2018, 1:35 a.m.
  • Length: 15:26
Show
View Real Time Build Order
Export as new Build Order

SuperNova Terran - Winner!

Build Orders: Cyclone Opening, Reaper Expand, Mech 

Get SALT Encoding   

  12  0:01  SCV  
  13  0:13  SCV  
  14  0:17  Supply Depot  
  14  0:25  SCV  
  15  0:30  Refinery  
  15  0:39  SCV  
  16  0:44  Barracks  
  16  0:51  SCV  
  17  1:03  SCV  
  18  1:15  SCV  
  19  1:31  Orbital Command, Reaper  
  20  1:43  Command Center  
  20  1:53  Factory  
  20  1:57  SCV  
  21  2:05  Refinery  
  21  2:07  Barracks Reactor  
  21  2:09  SCV  
  21  2:15  Supply Depot  
  22  2:21  SCV  
  24  2:37  SCV  
  24  2:46  Cyclone  
  24  2:48  Marine  
  24  2:49  SCV  
  29  2:55  Orbital Command, Cyclone  
  32  3:01  SCV  
  33  3:06  Marine  
  34  3:13  SCV  
  34  3:18  Hellion  
  34  3:19  Starport  
  36  3:23  SCV  
  37  3:28  Hellion  
  37  3:30  SCV  
  40  3:37  SCV  
  40  3:39  Barracks Tech Lab  
  41  3:42  SCV  
  41  3:43  Supply Depot  
  42  3:49  SCV  
  43  3:58  SCV  
  43  4:01  Factory Tech Lab  
  44  4:04  SCV  
  45  4:10  SCV  
  45  4:12  Banshee, Cloaking Field  
  45  4:13  Marine x2  
  49  4:19  SCV  
  44  4:25  Siege Tank  
  44  4:31  SCV, Marine x2  
  46  4:35  SCV  
  46  4:36  Command Center  
  47  4:43  Bunker, SCV  
  48  4:47  SCV  
  48  4:48  Marine  
  48  4:49  Refinery, Marine  
  48  4:51  Refinery  
  50  4:55  Banshee  
  50  4:56  SCV  
  50  4:59  Supply Depot  
  54  5:20  Siege Tank, SCV x2, Marine x2  
  61  5:21  Supply Depot  
  61  5:31  Factory  
  61  5:33  SCV  
  61  5:35  Engineering Bay, Factory  
  62  5:36  SCV  
  62  5:43  Marine  
  62  5:44  Supply Depot  
  62  5:45  SCV  
  62  5:47  Raven  
  62  5:48  SCV  
  62  5:49  Orbital Command  
  67  5:50  Supply Depot  
  67  5:51  Marine  
  69  5:57  SCV  
  69  6:00  SCV, Marine  
  71  6:08  Siege Tank, Supply Depot  
  71  6:09  SCV  
  72  6:12  SCV  
  72  6:14  Marine  
  72  6:18  Supply Depot  
  74  6:20  Armory  
  74  6:21  SCV  
  74  6:22  Supply Depot  
  74  6:25  Armory  
  75  6:26  Orbital Command  
  75  6:29  SCV  
  75  6:30  Orbital Command  
  76  6:38  SCV  
  77  6:40  Starport Reactor  
  77  6:42  SCV  
  77  6:43  Siege Tank, Hellion x2  
  85  6:57  Bunker, SCV  
  85  6:59  SCV x2  
  88  7:01  Refinery, Bunker  
  88  7:06  Refinery  
  88  7:07  Siege Tank, Hellion x2  
  92  7:10  SCV  
  92  7:11  SCV  
  92  7:14  Supply Depot x2  
  92  7:15  Liberator, Terran Vehicle And Ship Armor Level 1, Terran Ship Weapons Level 1  
  94  7:16  SCV  
  94  7:19  Missile Turret  
  94  7:21  Siege Tank  
  94  7:22  SCV, Liberator  
  99  7:24  SCV  
  99  7:28  SCV  
  101  7:36  SCV  
  105  7:38  Missile Turret  
  105  7:41  Hellion x2  
  110  7:45  SCV  
  110  7:46  Hellion  
  110  7:49  Infernal Pre-Igniter  
  111  7:52  SCV x2  
  111  7:54  Supply Depot  
  111  7:55  Supply Depot  
  111  7:57  SCV  
  114  8:01  Siege Tank  
  114  8:04  SCV x2  
  114  8:05  Liberator  
  119  8:10  Supply Depot  
  119  8:12  Missile Turret, Supply Depot, SCV  
  120  8:13  Supply Depot  
  120  8:14  Sensor Tower  
  120  8:16  SCV x2  
  120  8:18  Missile Turret  
  122  8:20  Missile Turret  
  122  8:23  Cyclone  
  122  8:24  Hellion x2  
  132  8:27  Supply Depot  
  132  8:29  Liberator  
  132  8:33  Starport, SCV  
  133  8:34  Starport, Supply Depot  
  133  8:35  Supply Depot  
  133  8:42  Siege Tank  
  139  8:49  Hellion  
  141  8:56  Command Center  
  141  8:58  SCV x2  
  143  9:03  Starport  
  143  9:05  Starport  
  143  9:07  Fusion Core  
  143  9:13  Starport Tech Lab x2  
  143  9:22  Hellion  
  143  9:23  Hellion  
  147  9:27  Terran Ship Weapons Level 2  
  147  9:31  Terran Vehicle And Ship Armor Level 2  
  147  9:47  Refinery  
  146  9:54  Starport Tech Lab x2  
  146  9:58  Command Center x2  
  146  10:01  Battlecruiser  
  152  10:11  Missile Turret  
  152  10:12  Battlecruiser  
  158  10:20  SCV  
  158  10:21  Refinery, SCV x2, Command Center  
  160  10:25  Command Center  
  160  10:30  Battlecruiser  
  160  10:34  SCV  
  160  10:35  SCV x2  
  169  10:39  Planetary Fortress  
  169  10:41  Hellion x2  
  169  10:42  Hellion x4  
  169  10:43  Missile Turret  
  169  10:44  Missile Turret  
  169  10:46  SCV  
  170  10:52  Weapon Refit  
  170  10:54  Hellion  
  170  10:59  Missile Turret x2  
  170  11:00  Missile Turret  
  170  11:01  Missile Turret  
  170  11:07  Battlecruiser  
  176  11:12  Orbital Command x2  
  176  11:15  Command Center  
  176  11:17  Battlecruiser  
  182  11:30  Advanced Ballistics  
  182  11:35  Command Center  
  186  11:40  Battlecruiser  
  186  11:42  Missile Turret  
  184  11:51  Battlecruiser  
  180  12:04  Orbital Command x2  
  180  12:06  Terran Ship Weapons Level 3  
  178  12:16  Terran Vehicle And Ship Armor Level 3  
  178  12:24  Command Center  
  178  12:25  Command Center  
  178  12:31  Battlecruiser  
  184  12:39  Structure Armor  
  184  12:45  Orbital Command  
  184  12:48  Orbital Command  
  184  12:54  Battlecruiser  
  182  13:11  Battlecruiser  
  188  13:22  Battlecruiser  
  188  13:34  Liberator  
  183  13:41  Battlecruiser  
  183  13:43  Command Center  
  185  13:48  Orbital Command  
  188  14:05  Battlecruiser  
  194  14:11  Missile Turret  
  194  14:12  Missile Turret  
  194  14:13  Missile Turret x2  
  194  14:14  Missile Turret  
  194  14:15  Missile Turret  
  194  14:19  Hi-Sec Auto Tracking  
  194  14:21  Battlecruiser  
  200  14:34  Missile Turret  
  200  14:35  Missile Turret  
  174  14:52  Hellion x2  
  177  14:53  Hellion x2  
Show
View Real Time Build Order
Export as new Build Order

Pure Protoss 

Build Orders: 1 Gate Expand, Blink Stalkers 

Get SALT Encoding   

  12  0:01  Probe  
  13  0:13  Probe  
  14  0:17  Pylon  
  14  0:24  Probe  
  15  0:32  Probe  
  15  0:37  Gateway  
  15  0:40  Probe  
  16  0:46  Assimilator  
  17  0:51  Probe  
  18  0:59  Probe  
  19  1:07  Probe  
  20  1:23  Nexus  
  20  1:34  Probe  
  20  1:35  Cybernetics Core  
  20  1:39  Assimilator  
  21  1:47  Probe  
  21  1:52  Pylon  
  22  1:59  Probe  
  23  2:02  Adept  
  23  2:11  Probe  
  23  2:12  Warp Gate  
  26  2:18  Twilight Council  
  26  2:21  Stalker  
  26  2:23  Probe  
  29  2:35  Probe x2  
  30  2:42  Pylon  
  30  2:47  Probe x2  
  30  2:49  Blink  
  30  2:50  Stalker  
  34  2:59  Probe  
  34  3:01  Probe  
  36  3:12  Probe  
  37  3:18  Probe  
  38  3:25  Gateway  
  38  3:26  Gateway  
  38  3:27  Probe  
  38  3:32  Probe  
  40  3:39  Probe  
  40  3:40  Stalker  
  43  3:44  Shield Battery, Probe  
  44  3:59  Probe  
  44  4:00  Probe  
  46  4:12  Probe  
  46  4:16  Probe  
  48  4:24  Probe  
  38  4:31  Stalker x2  
  38  4:32  Stalker  
  38  4:33  Probe  
  38  4:36  Probe  
  45  4:42  Robotics Facility  
  45  4:45  Probe  
  46  4:48  Probe  
  46  4:52  Assimilator  
  46  4:54  Assimilator  
  46  4:55  Stalker  
  46  4:56  Stalker x2  
  46  4:57  Probe  
  53  5:00  Probe  
  53  5:02  Forge  
  53  5:06  Charge, Pylon  
  54  5:16  Pylon  
  54  5:17  Pylon  
  54  5:24  Probe x2  
  54  5:26  Nexus  
  56  5:36  Probe  
  56  5:38  Probe  
  56  5:39  Observer  
  58  5:45  Stalker x2  
  58  5:46  Stalker  
  58  5:49  Probe  
  63  5:54  Probe  
  63  5:56  Protoss Ground Weapons Level 1  
  61  6:05  Probe  
  61  6:10  Observer  
  61  6:11  Probe  
  64  6:19  Probe  
  64  6:25  Stalker x3  
  69  6:27  Probe  
  69  6:39  Probe  
  70  6:43  Probe  
  70  6:44  Probe  
  70  6:45  Observer  
  73  6:47  Robotics Bay  
  73  6:51  Probe  
  74  6:56  Probe  
  75  7:04  Zealot x2  
  75  7:05  Zealot  
  75  7:08  Probe  
  82  7:11  Immortal  
  86  7:26  Gateway  
  86  7:27  Probe x2, Gateway  
  86  7:28  Probe, Gateway  
  89  7:32  Pylon  
  89  7:35  Zealot x2  
  92  7:42  Probe x2  
  91  7:45  Protoss Ground Weapons Level 2  
  91  7:46  Zealot  
  91  7:48  Colossus, Probe  
  93  7:53  Probe x2  
  95  7:59  Observer  
  101  8:16  Pylon  
  101  8:17  Pylon  
  101  8:18  Pylon  
  101  8:19  Pylon  
  101  8:28  Photon Cannon  
  101  8:30  Photon Cannon  
  101  8:32  Pylon  
  101  8:34  Probe x3  
  101  8:35  Photon Cannon  
  104  8:46  Probe, Robotics Facility  
  104  8:48  Pylon  
  105  8:55  Immortal  
  109  8:56  Observer  
  109  8:57  Probe  
  109  8:59  Zealot x4  
  118  9:04  Assimilator  
  118  9:05  Assimilator  
  118  9:13  Stargate  
  118  9:15  Probe  
  118  9:16  Probe x2  
  120  9:28  Probe x2  
  122  9:40  Gateway  
  122  9:41  Gateway, Nexus  
  122  9:43  Observer, Pylon  
  122  9:46  Pylon  
  122  9:47  Immortal  
  122  9:52  Immortal  
  128  9:56  Probe  
  128  9:57  Pylon  
  128  9:58  Oracle  
  132  10:00  Protoss Ground Weapons Level 3  
  132  10:08  Probe  
  132  10:10  Protoss Air Weapons Level 1  
  133  10:15  Assimilator  
  133  10:17  Gateway  
  133  10:18  Gateway  
  133  10:19  Probe  
  133  10:20  Photon Cannon  
  134  10:23  Probe x2  
  134  10:26  Assimilator  
  134  10:27  Probe, Templar Archives  
  136  10:31  Probe x2  
  139  10:35  Probe  
  139  10:41  Probe  
  140  10:47  Zealot x3  
  147  10:52  Probe  
  147  10:53  Immortal, Probe  
  153  10:58  Stargate  
  153  11:02  Fleet Beacon  
  151  11:20  Nexus  
  151  11:21  Pylon  
  148  11:43  Probe x4  
  142  11:51  Probe  
  132  12:09  High Templar x6  
  132  12:10  High Templar x3  
  132  12:11  Zealot  
  132  12:12  Probe x3  
  155  12:18  Archon  
  155  12:19  Archon x3  
  155  12:33  Probe  
  155  12:34  Probe x3  
  155  12:35  Probe  
  160  12:37  High Templar  
  160  12:42  Archon  
  160  12:43  Stalker x5  
  160  12:44  Stalker x2  
  174  12:45  Stalker x2  
  174  12:48  Warp Prism  
  174  12:49  Observer  
  183  13:05  Probe x3  
  186  13:07  Assimilator  
  186  13:08  Assimilator  
  186  13:10  Pylon  
  186  13:11  Stalker x3  
  186  13:12  Stalker x4  
  200  13:25  Pylon x2  
  198  13:30  Pylon  
  198  13:32  Pylon  
  176  13:40  Probe  
  176  13:41  Probe  
  158  13:46  Zealot x6  
  158  13:47  Zealot x4  
  178  13:49  Probe x2  
  178  13:53  Probe x2  
  182  13:57  Nexus  
  182  14:01  Probe x2  
  184  14:08  High Templar x6  
  184  14:09  Stalker x2  
  200  14:12  Archon x2  
  200  14:13  Archon  
  182  14:43  Zealot  
  182  14:44  Stalker x5, Zealot x3  
  182  14:45  Stalker  
  131  15:07  Stalker  
  131  15:08  Stalker x8  
  131  15:10  Stalker  
Tags
 
Add a new tag
Caveats
  • Supply blocks, unpowered buildings, or Contaminate may cause inaccurate times.
  • Supply counts are checked every 10 seconds.